 Dungeon Crawl Stone Soup version bcrawl-1.39.1 (webtiles) character file.

Game seed: 13773461312273907766

237580 Finalfun the Digger (level 8, -8/49 HPs)
             Began as a Gargoyle Earth Elementalist on Sept 20, 2023.
             Was a Follower of Vehumet.
             Mangled by an orc warrior
             ... wielding a +0 scimitar
              (16 damage)
             ... on level 5 of the Dungeon.
             The game lasted 00:33:47 (5810 turns).

Finalfun the Digger (Gargoyle Earth Elementalist)   Turns: 5810, Time: 00:33:47

Health: -8/49      AC:  8    Str: 13    XL:     8   Next: 97%
Magic:  12/14      EV: 12    Int: 17    God:    Vehumet [*.....]
Gold:   194        SH:  0    Dex: 10    Spells: 6/15 levels left

rFire    + . .     GDR:     32% q - +2 dagger (speed)
rCold    . . .     SeeInvis .   (no shield)
rNeg     + . .     Gourm    .   c - +0 robe
rPois    ∞         Faith    .   w - +0 hat
rElec    +         Spirit   .   (no cloak)
rCorr    .         Reflect  .   (no gloves)
MR       .....                  k - +0 pair of boots
Stlth    ++........             (no amulet)
HPRegen  0.18/turn              i - ring of protection from fire
MPRegen  0.14/turn              (no ring)

@: no status effects
A: negative energy resistance 1, electricity resistance, partial torment
resistance, unbreathing, petrification resistance, rot immunity, AC +5
a: Renounce Religion


You were on level 5 of the Dungeon.
You worshipped Vehumet.
Vehumet was aware of your devotion.
You were not hungry.

You visited 2 branches of the dungeon, and saw 7 of its levels.

You collected 365 gold pieces.
You spent 171 gold pieces at shops.

Inventory:

Hand Weapons
 a - a +0 blowgun
 h - a +2 mace of holy wrath
 q - a +2 dagger of speed (weapon)
Missiles
 d - 607 arrows
 n - 478 stones (quivered)
 u - 273 poisoned needles
Armour
 c - a +0 robe (worn)
 g - a +2 ring mail of poison resistance
 k - a +0 pair of boots (worn)
 w - a +0 hat (worn)
Jewellery
 i - a ring of protection from fire (left hand)
Scrolls
 j - 6 scrolls of remove curse
 l - a scroll of teleportation
 o - a scroll of fear {unknown}
 p - 2 scrolls of enchant weapon {unknown}
 s - 3 scrolls of amnesia {unknown}
 A - a scroll of blinking {unknown}
Potions
 b - a potion of ambrosia {unknown}
 m - 5 potions of curing
 r - a potion of berserk rage {unknown}
 t - a potion of degeneration {unknown}
 v - a potion of lignification {unknown}
 x - a potion of invisibility {unknown}
 y - 2 potions of flight
 z - a potion of agility {unknown}
Comestibles
 e - 7 rations {!d}


   Skills:
 - Level 5.0 Fighting
 - Level 1.1(2.1) Short Blades
   Level 2.7(2.9) Long Blades
 - Level 3.0 Throwing
 - Level 3.0 Dodging
 - Level 3.0 Stealth
 - Level 1.0 Unarmed Combat
 - Level 4.0 Spellcasting
 - Level 5.0 Conjurations
   Level 0.7 Transmutations
 + Level 6.7 Earth Magic


You had 6 spell levels left.
You knew the following spells:

 Your Spells              Type           Power        Failure   Level  Hunger
a - Sandblast             Erth           ####..       1%          1    None
b - Stone Arrow           Conj/Erth      ###...       1%          3    ###....
c - Lee's Rapid Deconstr  Erth           ####......   8%          5    ######.

Your spell library contained the following spells:

 Spells                   Type           Power        Failure   Level  Hunger
 Magic Dart               Conj           ###.         1%          1    None
 Passwall                 Tmut/Erth      ###.....     5%          2    None
 Slow                     Hex            #.......     16%         1    None
 Dazzling Orbs            Conj/Hex       ##.....      17%         3    ###....
 Ensorcelled Hibernation  Hex/Ice        #.....       24%         2    None
 Petrify                  Tmut/Erth      ###.......   34%         4    #####..
 Confuse                  Hex            #.......     43%         3    ###....
 Tukima's Dance           Hex            #.......     43%         3    ###....
 Cause Fear               Hex            #.........   83%         4    #####..


Dungeon Overview and Level Annotations

Branches:
Dungeon (6/12)             Temple (1/1) D:4

Altars:
Ashenzari
Cheibriados
Dithmenos
Elyvilon
Fedhas
Gozag
Hepliaklqana
Kikubaaqudgha
Lugonu
Makhleb
Nemelex Xobeh
Okawaru
Qazlal
Ru
Sif Muna
Trog
Uskayaw
Vehumet
Wu Jian
Xom
Yredelemnul
Zin
The Shining One

Shops:
D:4 (

Annotations:
D:3 1 runed door


Innate Abilities, Weirdness & Mutations

You are resistant to torment.
Your stone body is resilient. (AC +5)
You are immune to poison.
You resist negative energy. (rN+)
You are resistant to electric shocks. (rElec)
You are less affected by unholy pain and torment.
You can survive without breathing.
You are immune to petrification.
You are immune to rotting.


Message History

Vehumet accepts your kill.
The blast of rock fragments hits the orc warrior.
The orc warrior is moderately wounded.
You are near starving!
The orc warrior hits you with a +0 scimitar.
There is a stone staircase leading up here.
The orc warrior closely misses you.
A rune on the stairs sparks and fizzles.
You climb upwards.
There is a stone staircase leading down here.
You eat one of the 8 rations {!d}.
That ration really hit the spot!
The orc warrior closely misses you.
There is a stone staircase leading up here.
There is a stone staircase leading up here.
The orc warrior barely misses you.
There is a stone staircase leading up here.
The orc warrior hits you with a +0 scimitar!!
* * * LOW HITPOINT WARNING * * *
The orc warrior hits you with a +0 scimitar!
You die...

#.# ###.# ######.# #...#
.......#########.#.#
######.#.........#.#####
#.#.#########.#...#
#[#.............#.#
######.#..#######♣...♣.#
........<..............#
######..########@..>...#
####.........o.......#
#................♣..## ##
#..................## #.
#................#.###########.
#................#.............
#[...............#############.
#................# #.
########..###.....# #.


You could see an orc warrior.

Vanquished Creatures
  An ice beast (D:5)
  2 phantoms (D:4)
  A necrophage (D:5)
  2 ogres
  A bullfrog (D:6)
  2 scorpions
  A wight (D:5)
  2 howler monkeys
  2 orc priests (D:6)
  2 bullfrog zombies (D:6)
  2 crimson imps (D:4)
  5 hounds
  A bullfrog skeleton (D:4)
  2 iguanas
  2 orc wizards (D:5)
  6 worker ants
  Terence (D:3)
  7 adders
  A shadow imp (D:5)
  3 worms
  A dart slug (D:2)
  5 leopard geckos
  10 orcs
  A ball python (D:1)
  4 giant cockroaches
  3 hobgoblins
  2 jackals (D:3)
  4 quokkas
  5 bats
  3 frilled lizards
  6 goblins
  11 kobolds
  A quokka zombie (D:5)
  2 rats (D:1)
104 creatures vanquished.

Notes
Turn   | Place    | Note
-------+----------+-------------------------------------------
     0 | D:1      | Finalfun the Gargoyle Earth Elementalist began the quest
                  | for the Orb.
     0 | D:1      | Reached XP level 1. HP: 10/10 MP: 3/3
   226 | D:1      | Reached skill level 4 in Earth Magic
   226 | D:1      | Reached XP level 2. HP: 15/15 MP: 3/5
   576 | D:1      | Reached skill level 1 in Fighting
  1077 | D:2      | Reached XP level 3. HP: 20/20 MP: 6/6
  1812 | D:3      | Reached XP level 4. HP: 20/28 MP: 7/7
  1824 | D:3      | Found a blossoming altar of Fedhas.
  1912 | D:3      | Noticed Terence
  1942 | D:3      | Killed Terence
  2022 | D:3      | Reached XP level 5. HP: 31/32 MP: 8/8
  2433 | D:3      | Found a runed door.
  2698 | D:4      | Found a staircase to the Ecumenical Temple.
  2703 | D:4      | Noticed a phantom
  2721 | D:4      | Found Iqewkiy's Weapon Emporium.
  2728 | D:4      | Reached skill level 1 in Throwing
  2737 | D:4      | Reached XP level 6. HP: 20/37 MP: 1/9
  2754 | D:4      | Killed a phantom
  2817 | D:4      | Bought 156 stones for 171 gold pieces
  2906 | D:4      | Noticed a phantom
  2909 | Temple   | Entered the Ecumenical Temple
  3336 | Temple   | Became a worshipper of Vehumet
  3399 | D:4      | Killed a phantom
  3400 | D:4      | Reached XP level 7. HP: 16/41 MP: 4/13
  3404 | D:4      | Learned a level 3 spell: Stone Arrow
  3505 | D:4      | Reached skill level 1 in Conjurations
  4010 | D:4      | Reached skill level 5 in Earth Magic
  4235 | D:5      | Entered Level 5 of the Dungeon
  4539 | D:5      | Reached XP level 8. HP: 36/46 MP: 1/14
  4612 | D:5      | Reached * piety under Vehumet
  4612 | D:5      | Offered knowledge of Magic Dart by Vehumet.
  4613 | D:5      | Reached skill level 5 in Conjurations
  4619 | D:5      | Reached skill level 1 in Long Blades
  4630 | D:5      | Learned a level 5 spell: Lee's Rapid Deconstruction
  4920 | D:5      | Reached skill level 1 in Short Blades
  5218 | D:5      | Reached skill level 5 in Fighting
  5495 | D:5      | Found a stormy altar of Qazlal.
  5495 | D:5      | Found a sacrificial altar of Ru.
  5705 | D:6      | Reached skill level 6 in Earth Magic
  5810 | D:5      | Mangled by an orc warrior

Skill      XL: |  1  2  3  4  5  6  7  8 |
---------------+-------------------------+-----
Earth Magic    | 4 5 6 |  6.7
Stealth        | 3 |  3.0
Fighting       | 1 3 5 |  5.0
Dodging        | 2 3 |  3.0
Throwing       | 2 3 |  3.0
Spellcasting   | 4 |  4.0
Conjurations   | 4 5 |  5.0
Long Blades    | 2 |  2.7
Short Blades   | 1 |  1.1
Unarmed Combat | |  1.0
Transmutations | |  0.7

Action                   |  1- 3 |  4- 6 |  7- 9 || total
-------------------------+-------+-------+-------++-------
Melee: Unarmed           |    34 |       |       ||    34
       Falchion          |    37 |    67 |    97 ||   201
       Dagger            |       |       |    55 ||    55
 Fire: Blowgun           |       |     8 |       ||     8
 Cast: Sandblast         |    11 |    36 |    23 ||    70
       Stone Arrow       |       |       |    33 ||    33
       Lee's Rapid Decon |       |       |     2 ||     2
  Use: Scroll            |     1 |     2 |     2 ||     5
       Potion            |       |     4 |       ||     4
 Stab: Sleeping          |     8 |     1 |     2 ||    11
  Eat: Chunk             |     4 |     7 |     9 ||    20
       Ration            |       |       |     3 ||     3
Armor: Robe              |    26 |    33 |    53 ||   112
Dodge: Dodged            |    46 |    72 |    84 ||   202
Block: Other             |       |       |     3 ||     3
